AoeStats
← dodosh

Glade

503429379Analyzed
1v1 RM · 1mo ago on Aug 31, 2026· 63m 6s· 2 players
Game mode
Random Map
Map size
Tiny (2 player)
Population
200
Speed
Normal
Resources
Standard
Victory
Conquest
Starting age
Dark Age
Ending age
Imperial Age
RankedLock teamsTeams togetherTeam positionsShared explorationLock speedFull tech treeHidden civsTurbo modeCheats
Victory
Defeat
🇬🇧 Turks · United Kingdom
556
+18
🇧🇪 Huns · Belgium
601
-18
BIG PAPPY SLAYER
2:59 Loom
15:49 Feudal Age
20:11 Castle Age
20:42 Double-Bit Axe
20:41 Horse Collar
29:44 Gold Mining
34:04 Imperial Age
34:18 Wheelbarrow
35:30 Hand Cart
38:12 Elite Janissary
40:56 Town Watch
43:53 Bow Saw
43:47 Heavy Plow
44:29 Gold Shaft Mining
45:54 Artillery
49:37 Town Patrol
51:56 Guard Tower
52:32 Bombard Tower
dodosh
7:22 Loom
12:31 Feudal Age
13:25 Double-Bit Axe
14:21 Wheelbarrow
13:31 Horse Collar
14:11 Gold Mining
14:39 Stone Mining
20:50 Town Watch
20:57 Arson
21:07 Man-at-Arms
21:53 Scale Mail Armor
22:04 Forging
24:25 Castle Age
22:43 Scale Barding Armor
22:30 Fletching
22:49 Padded Archer Armor
25:51 Bow Saw
26:34 Chain Mail Armor
28:41 Gold Shaft Mining
28:09 Husbandry
28:20 Bloodlines
28:33 Chain Barding Armor
28:52 Iron Casting
29:32 Hand Cart
29:39 Long Swordsman
30:21 Squires
31:26 Marauders
32:02 Heavy Plow
37:20 Imperial Age
35:07 Pikeman
36:08 Thumb Ring
35:32 Elite Skirmisher
36:24 Bodkin Arrow
39:23 Atheism
42:52 Masonry
44:11 Ballistics
44:51 Chemistry
46:25 Two-Man Saw
47:16 Blast Furnace
47:08 Plate Barding Armor
48:34 Town Patrol
52:12 Leather Archer Armor
51:57 Bracer
52:15 Guilds
52:43 Conscription
52:58 Murder Holes
57:14 Light Cavalry
Connection lost

Rejoining the realm…

Still unreachable

The connection could not be restored.

Session expired

The server has moved on; the page needs a fresh start.